Map: Alcyone LE

Players

LewisKiniski - Winner!

  • Race: Protoss Protoss
  • League: Diamond
  • Spawn Location: 1:00

MyThiCaL

  • Race: Zerg Zerg
  • League: Diamond
  • Spawn Location: 7:00

VOD

Have the link to the VOD?

Description

Time

  • Played on: June 18, 2024, 3:03 p.m.
  • Length: 7:30
Show
View Real Time Build Order
Export as new Build Order

LewisKiniski Protoss - Winner!

Build Orders: 1 Gate Expand 

Get SALT Encoding   

  12  0:00  Probe  
  13  0:12  Probe  
  14  0:21  Pylon  
  14  0:24  Probe  
  15  0:39  Probe  
  16  0:43  Gateway  
  16  0:50  Assimilator  
  16  0:51  Probe (Chrono Boost)  
  17  1:01  Probe (Chrono Boost)  
  18  1:06  Probe (Chrono Boost)  
  19  1:18  Probe  
  20  1:25  Nexus  
  20  1:36  Cybernetics Core  
  20  1:39  Probe (Chrono Boost)  
  21  1:46  Assimilator  
  21  1:49  Probe (Chrono Boost)  
  21  1:53  Pylon  
  21  1:54  Probe (Chrono Boost)  
  23  2:11  Probe (Chrono Boost), Zealot  
  23  2:15  Forge  
  26  2:17  Warp Gate  
  26  2:23  Probe (Chrono Boost)  
  27  2:32  Probe (Chrono Boost)  
  28  2:37  Probe  
  28  2:40  Probe  
  30  2:49  Probe, Stalker (Chrono Boost), Protoss Ground Weapons Level 1 (Chrono Boost)  
  31  2:53  Probe  
  34  3:01  Probe  
  34  3:05  Probe  
  36  3:13  Probe  
  36  3:17  Probe  
  38  3:20  Sentry  
  38  3:26  Probe  
  41  3:27  Gateway x2  
  41  3:29  Probe, Twilight Council  
  42  3:38  Probe  
  42  3:39  Pylon  
  44  3:41  Probe  
  44  3:43  Pylon  
  44  3:58  Gateway  
  44  4:04  Probe x2  
  46  4:13  Blink (Chrono Boost)  
  46  4:14  Assimilator  
  46  4:16  Probe x2, Assimilator  
  48  4:17  Pylon  
  48  4:22  Zealot x3  
  54  4:28  Pylon, Probe x2  
  56  4:31  Gateway  
  56  4:38  Gateway  
  56  4:39  Gateway  
  56  4:44  Protoss Ground Weapons Level 2 (Chrono Boost)  
  56  4:56  Sentry x3  
  60  5:13  Stalker  
  62  5:22  Stalker x3  
  62  5:28  Pylon  
  68  5:29  Pylon  
  68  5:30  Pylon  
  68  5:32  Shield Battery  
  68  5:33  Shield Battery  
  68  5:35  Stalker x3  
  72  5:58  Stalker x5  
  74  6:13  Stalker x2  
  74  6:26  Stalker x5  
  78  6:43  Stalker  
  78  6:44  Stalker  
  80  6:49  Stalker  
  80  6:50  Stalker x3  
  86  7:11  Stalker x3  
  90  7:25  Stalker  
  90  7:26  Stalker x3  
Show
View Real Time Build Order
Export as new Build Order

MyThiCaL Zerg 

Build Orders: Hatch First 

Get SALT Encoding   

  12  0:00  Drone  
  13  0:12  Overlord  
  13  0:22  Drone  
  14  0:32  Drone x2  
  16  0:48  Hatchery  
  15  0:51  Drone  
  16  0:57  Drone  
  16  0:59  Drone  
  18  1:11  Extractor  
  17  1:15  Spawning Pool  
  17  1:18  Drone  
  17  1:21  Drone  
  18  1:28  Drone  
  19  1:40  Overlord  
  19  1:59  Drone  
  20  2:04  Zergling x2, Queen x2  
  20  2:05  Drone  
  26  2:11  Drone x2  
  28  2:19  Metabolic Boost  
  28  2:22  Drone  
  29  2:23  Drone  
  30  2:34  Drone x2  
  32  2:45  Hatchery  
  32  2:46  Queen  
  32  3:04  Drone x3  
  35  3:09  Overlord  
  35  3:12  Overlord  
  35  3:26  Queen  
  35  3:30  Drone  
  35  3:31  Zergling x2, Drone x2  
  35  3:32  Zergling x4  
  43  4:09  Queen  
  43  4:12  Queen, Drone  
  43  4:13  Drone x9  
  43  4:14  Overlord  
  43  4:15  Overlord x2  
  57  4:38  Roach Warren, Evolution Chamber x2, Drone x3  
  60  4:40  Drone  
  60  4:41  Drone  
  60  4:42  Drone x6  
  65  4:46  Zergling x6  
  65  4:47  Spine Crawler  
  65  4:48  Queen  
  65  4:51  Queen  
  71  5:04  Zergling x10  
  76  5:10  Overlord x2  
  76  5:20  Zerg Missile Weapons Level 1  
  76  5:31  Queen  
  78  5:43  Zergling x10  
  78  5:48  Zergling x12  
  74  6:11  Zergling x12  
  79  6:17  Queen  
  77  6:20  Roach x6  
  77  6:23  Overlord x3  
  87  6:29  Hatchery  
  76  6:41  Zergling x2  
  76  6:42  Zergling x10  
  77  6:50  Zergling x2  
  77  6:51  Zergling x8  
  71  7:06  Zergling x16  
Tags
 
Add a new tag
Caveats
  • Supply blocks, unpowered buildings, or Contaminate may cause inaccurate times.
  • Supply counts are checked every 10 seconds.